Map: $$$Fastest Map$$$

Players

PolloWey - Winner!

  • Race: Protoss Protoss
  • Spawn Location: 1:00

Dnthony

  • Race: Zerg Zerg
  • Spawn Location: 6:00

erickmerida

  • Race: Terran Terran
  • Spawn Location: 3:00

VOD

Have the link to the VOD?

Description

Time

  • Played on: Aug. 3, 2024, 2:16 a.m.
  • Length: 37:45
Show
View Real Time Build Order
Export as new Build Order

PolloWey Protoss - Winner!

Build Orders:  

Get SALT Encoding   

    0:12  Unknown  
    0:32  Pylon  
    0:35  Pylon  
    0:45  Pylon  
    0:50  Pylon  
    0:57  Pylon  
    1:07  Pylon  
    1:13  Pylon  
    1:19  Pylon  
    1:27  Pylon  
    1:32  Pylon  
    1:37  Pylon  
    1:41  Pylon  
    1:46  Pylon  
    1:52  Pylon  
    1:55  Pylon  
    2:00  Pylon  
    2:05  Pylon  
    2:11  Pylon  
    2:15  Pylon  
    2:19  Pylon  
    2:33  Pylon  
    2:38  Pylon  
    2:45  Pylon  
    2:51  Pylon  
    2:56  Pylon  
    3:00  Pylon  
    3:05  Pylon  
    3:10  Pylon  
    3:14  Pylon  
    3:19  Pylon  
    3:23  Pylon  
    3:27  Pylon  
    3:31  Pylon  
    3:35  Pylon  
    3:40  Pylon  
    3:44  Pylon  
    3:49  Pylon  
    3:51  Pylon  
    3:58  Pylon  
    4:02  Pylon  
    4:08  Pylon  
    4:15  Pylon  
    4:26  Pylon  
    4:40  Pylon, Gateway  
    4:47  Pylon  
    4:52  Pylon  
    4:57  Pylon  
    5:03  Pylon  
    5:06  Pylon  
    5:11  Pylon  
    5:14  Pylon  
    5:19  Pylon  
    5:22  Pylon  
    5:30  Pylon  
    5:32  Forge  
    5:50  Pylon  
    6:07  Pylon  
    6:13  Pylon  
    6:17  Pylon  
    6:21  Pylon  
    6:26  Pylon  
    6:29  Pylon  
    6:46  Photon Cannon  
    6:50  Photon Cannon  
    6:55  Photon Cannon  
    7:00  Photon Cannon  
    7:02  Photon Cannon  
    7:09  Photon Cannon  
    7:13  Photon Cannon  
    7:29  Cybernetics Core  
    7:36  Photon Cannon  
    7:40  Photon Cannon  
    7:44  Photon Cannon  
    7:46  Photon Cannon  
    7:50  Photon Cannon  
    7:54  Photon Cannon  
    7:56  Photon Cannon  
    7:58  Photon Cannon  
    8:01  Photon Cannon  
    8:05  Photon Cannon  
    8:08  Photon Cannon  
    8:12  Photon Cannon  
    8:14  Photon Cannon  
    8:16  Photon Cannon  
    8:20  Photon Cannon  
    8:30  Shield Battery  
    8:43  Stargate  
    8:48  Stargate  
    8:53  Stargate  
    8:56  Stargate  
    9:01  Stargate  
    9:05  Stargate  
    9:08  Stargate  
    9:12  Stargate  
    9:13  Stargate  
    9:18  Stargate  
    9:22  Stargate  
    9:26  Stargate  
    9:29  Stargate  
    9:32  Stargate  
    9:36  Stargate  
    9:41  Stargate  
    9:51  Stargate  
    9:52  Stargate  
    9:56  Stargate  
    10:00  Stargate  
    10:04  Stargate  
    10:07  Stargate  
    10:13  Stargate  
    10:14  Stargate  
    10:19  Stargate  
    10:23  Stargate  
    10:30  Stargate  
    10:34  Twilight Council  
    10:39  Robotics Facility  
    10:40  Fleet Beacon  
    10:41  Protoss Ground Weapons Level 1  
    10:56  Photon Cannon  
    10:59  Photon Cannon, Protoss Air Weapons Level 1  
    11:01  Photon Cannon  
    11:03  Photon Cannon  
    11:06  Photon Cannon  
    11:09  Photon Cannon  
    11:12  Photon Cannon  
    11:14  Photon Cannon  
    11:17  Photon Cannon  
    11:20  Photon Cannon  
    11:22  Photon Cannon  
    11:25  Photon Cannon  
    11:29  Photon Cannon  
    11:31  Photon Cannon  
    11:34  Photon Cannon  
    11:37  Photon Cannon  
    11:40  Photon Cannon  
    11:44  Photon Cannon  
    11:46  Photon Cannon  
    11:49  Photon Cannon  
    11:52  Photon Cannon  
    11:55  Photon Cannon  
    11:59  Photon Cannon  
    12:01  Photon Cannon  
    12:04  Photon Cannon  
    12:07  Photon Cannon  
    12:10  Photon Cannon  
    12:12  Photon Cannon  
    12:16  Photon Cannon  
    12:19  Photon Cannon  
    12:20  Photon Cannon  
    12:32  Robotics Bay  
    12:34  Dark Shrine  
    12:42  Charge  
    12:43  Protoss Ground Armor Level 1  
    12:46  Flux Vanes  
  4  13:04  Void Ray x3  
  4  13:05  Void Ray x5  
  96  13:06  Void Ray x6  
  96  13:07  Protoss Air Armor Level 1, Void Ray x5  
  96  13:08  Void Ray x5  
  96  13:11  Void Ray  
  96  13:12  Void Ray x2  
  108  13:16  Gravitic Boosters (Chrono Boost)  
  108  13:43  Photon Cannon  
  108  13:44  Anion Pulse-Crystals  
  108  13:45  Photon Cannon  
  108  13:48  Photon Cannon  
  108  13:51  Photon Cannon  
  108  13:55  Photon Cannon  
  108  14:00  Photon Cannon  
  108  14:01  Photon Cannon  
  108  14:06  Gravitic Drive  
  108  14:12  Shadow Stride  
  108  14:22  Blink  
  108  14:30  Photon Cannon  
  108  14:34  Photon Cannon  
  108  14:37  Photon Cannon  
  108  14:39  Photon Cannon  
  108  14:42  Photon Cannon  
  108  14:44  Protoss Shields Level 1  
  108  14:45  Photon Cannon  
  108  14:48  Photon Cannon  
  108  14:50  Photon Cannon  
  108  14:52  Photon Cannon  
  108  14:56  Photon Cannon  
  108  14:58  Photon Cannon  
  108  15:01  Photon Cannon  
  108  15:03  Extended Thermal Lance  
  108  15:06  Photon Cannon  
  108  15:09  Photon Cannon  
  108  15:19  Protoss Air Weapons Level 2  
  108  16:11  Photon Cannon  
  108  16:23  Resonating Glaives  
  164  16:28  Unknown  
  164  16:29  Void Ray x5  
  164  16:30  Void Ray x5  
  164  16:31  Void Ray x6  
  164  16:32  Void Ray x4  
  216  16:33  Void Ray x5  
  216  16:34  Void Ray x2  
  216  16:46  Protoss Ground Weapons Level 2, Photon Cannon  
  216  16:49  Photon Cannon  
  216  16:53  Photon Cannon  
  216  16:57  Photon Cannon  
  216  17:02  Photon Cannon  
  216  17:06  Photon Cannon  
  216  17:08  Photon Cannon  
  288  19:19  Void Ray x3  
  288  19:20  Void Ray x5  
  288  19:21  Void Ray x5  
  288  19:22  Void Ray x5  
  288  19:23  Void Ray x4  
  304  19:36  Photon Cannon  
  304  19:40  Photon Cannon  
  304  19:42  Photon Cannon  
  304  19:46  Photon Cannon  
  304  19:48  Photon Cannon  
  304  19:52  Photon Cannon  
  304  19:59  Protoss Ground Weapons Level 3  
  304  20:19  Protoss Air Armor Level 2  
  304  20:57  Photon Cannon  
  304  20:59  Photon Cannon  
  304  21:01  Photon Cannon  
  304  21:04  Photon Cannon  
  304  21:07  Photon Cannon  
  304  21:10  Photon Cannon  
  304  21:12  Photon Cannon  
  304  21:14  Photon Cannon  
  304  21:17  Photon Cannon  
  304  21:20  Photon Cannon  
  304  21:23  Photon Cannon  
  304  21:27  Photon Cannon  
  304  21:31  Photon Cannon  
  304  21:33  Photon Cannon  
  304  21:37  Photon Cannon  
  304  21:40  Photon Cannon  
  304  21:44  Photon Cannon  
  304  21:46  Photon Cannon  
  304  21:50  Photon Cannon  
  304  21:54  Photon Cannon  
  304  22:00  Photon Cannon  
  304  22:03  Photon Cannon  
  304  22:05  Photon Cannon  
  304  22:08  Photon Cannon  
  304  22:11  Photon Cannon  
  304  22:14  Photon Cannon  
  304  22:17  Photon Cannon  
  304  22:21  Photon Cannon  
  304  22:24  Photon Cannon  
  304  22:28  Photon Cannon  
  304  22:30  Photon Cannon  
  304  22:34  Photon Cannon  
  304  22:39  Photon Cannon  
  304  22:43  Photon Cannon  
  304  22:46  Photon Cannon  
  304  22:47  Protoss Ground Armor Level 2  
  304  22:48  Photon Cannon  
  304  22:54  Photon Cannon  
  304  22:57  Protoss Air Weapons Level 3  
  304  23:08  Pylon  
  304  23:18  Photon Cannon  
  304  23:22  Photon Cannon  
  304  23:24  Photon Cannon  
  304  23:26  Photon Cannon  
  304  23:30  Photon Cannon  
  304  23:36  Photon Cannon  
  304  23:46  Cybernetics Core  
  304  23:52  Pylon  
  304  23:57  Pylon  
  304  23:59  Pylon  
  304  24:02  Pylon  
  304  24:05  Pylon  
  304  24:10  Pylon  
  304  24:14  Pylon  
  304  24:16  Pylon  
  304  24:20  Pylon  
  304  24:23  Pylon  
  304  24:26  Pylon  
  180  25:11  Protoss Shields Level 2  
  252  25:17  Void Ray x6  
  252  25:18  Void Ray x5  
  252  25:19  Void Ray x5  
  252  25:20  Void Ray x4  
  260  25:25  Photon Cannon  
  260  25:27  Photon Cannon  
  260  25:30  Photon Cannon  
  260  25:33  Photon Cannon  
  260  25:35  Photon Cannon  
  260  25:41  Photon Cannon  
  260  25:44  Photon Cannon  
  260  25:48  Photon Cannon  
  260  25:50  Photon Cannon  
  260  25:53  Photon Cannon  
  260  25:56  Photon Cannon  
  272  26:00  Photon Cannon, Void Ray x3  
  272  26:03  Photon Cannon  
  272  26:15  Photon Cannon  
  272  26:16  Photon Cannon  
  272  26:19  Photon Cannon  
  272  26:24  Photon Cannon  
  272  26:27  Photon Cannon  
  272  26:30  Photon Cannon  
  272  26:34  Photon Cannon  
  272  26:37  Photon Cannon  
  272  26:40  Photon Cannon  
  272  26:43  Photon Cannon  
  272  26:46  Photon Cannon  
  272  26:48  Photon Cannon  
  272  26:51  Photon Cannon  
  272  26:54  Photon Cannon  
  272  26:56  Photon Cannon  
  272  26:59  Photon Cannon  
  272  27:02  Photon Cannon  
  272  27:05  Photon Cannon  
  272  27:07  Photon Cannon  
  272  27:09  Photon Cannon  
  272  27:11  Photon Cannon  
  272  27:15  Photon Cannon  
  272  27:17  Photon Cannon  
  272  27:20  Photon Cannon  
  272  27:26  Photon Cannon  
  272  27:29  Photon Cannon  
  272  27:31  Photon Cannon  
  272  27:36  Pylon  
  272  27:39  Pylon  
  272  27:44  Pylon  
  272  27:47  Pylon  
  272  27:50  Pylon  
  272  27:52  Pylon  
  60  33:27  Void Ray x3  
  60  33:28  Void Ray x6  
  60  33:29  Void Ray x5  
  60  33:30  Void Ray  
  60  33:33  Void Ray x4  
  60  33:34  Void Ray x4  
  104  33:35  Void Ray x3  
  128  34:10  Void Ray x2  
  128  34:11  Void Ray x4  
  128  34:16  Tempest x3  
  128  34:17  Tempest x6  
  143  34:18  Tempest x5  
  143  34:19  Tempest x4  
  143  34:20  Tempest  
  243  35:12  Void Ray x4  
  243  35:13  Void Ray x5  
  243  35:14  Void Ray x4  
  307  35:15  Void Ray x5  
  307  35:16  Void Ray x3  
Show
View Real Time Build Order
Export as new Build Order

Dnthony Zerg 

Build Orders: Pool First 

Get SALT Encoding   

    0:11  Unknown  
    0:12  Drone x3  
    0:21  Spawning Pool  
    0:31  Evolution Chamber  
    0:33  Drone  
    0:37  Drone  
    0:58  Hatchery  
    1:00  Zerg Melee Weapons Level 1  
    1:11  Roach Warren  
    1:14  Drone x3  
    1:17  Metabolic Boost  
    1:24  Baneling Nest  
    1:36  Spine Crawler  
    1:44  Hatchery  
    1:48  Zergling x2  
    1:49  Zergling x4  
  3  2:19  Zergling x2  
  4  2:26  Overlord x3  
  4  2:40  Hatchery  
  4  2:55  Zerg Missile Weapons Level 1  
  4  2:59  Zergling x2  
  4  3:00  Zergling x8  
  4  3:01  Zergling x2  
  10  3:06  Drone  
  10  3:25  Zergling x2  
  10  3:26  Zergling x6  
  14  3:39  Zergling x4  
  14  3:40  Zergling x2  
  17  4:26  Drone x6  
  17  4:36  Lair  
  17  4:39  Pneumatized Carapace  
  17  4:41  Lair  
  17  4:49  Zerg Ground Armor Level 1  
  17  5:24  Spore Crawler  
  17  5:26  Spore Crawler  
  17  5:27  Spore Crawler  
  17  5:28  Spore Crawler x2  
  17  5:29  Spore Crawler  
  17  5:36  Drone x3  
  17  5:37  Drone x5  
  17  5:38  Drone  
  17  5:53  Hydralisk Den  
  17  6:00  Infestation Pit  
  17  6:06  Spire  
  17  6:10  Nydus Network  
  17  6:24  Spore Crawler  
  17  6:25  Spore Crawler  
  17  6:27  Spore Crawler  
  17  6:28  Spore Crawler  
  17  6:29  Spore Crawler  
  17  6:35  Spore Crawler  
  17  6:39  Overlord x2  
  17  6:40  Overlord x5  
  17  6:57  Hive  
  17  7:02  Lair  
  17  7:18  Glial Reconstitution  
  17  7:21  Zerg Melee Weapons Level 2  
  17  7:36  Nydus Canal  
  17  7:38  Neural Parasite  
  17  7:41  Grooved Spines  
  17  7:45  Centrifugal Hooks  
  17  8:24  Mutalisk  
  17  8:26  Mutalisk x2  
  21  8:31  Muscular Augments  
  23  8:35  Mutalisk x3  
  23  8:36  Tunneling Claws  
  29  8:45  Mutalisk x3  
  35  8:55  Hydralisk  
  35  8:56  Hydralisk  
  35  8:58  Swarm Host x2  
  35  9:02  Mutalisk  
  47  9:11  Mutalisk x4  
  47  9:13  Swarm Host  
  58  9:36  Drone x2  
  58  9:37  Zerg Missile Weapons Level 2  
  58  10:15  Lurker Den  
  58  10:18  Ultralisk Cavern  
  58  10:21  Adrenal Glands  
  58  10:28  Mutalisk x2  
  58  10:29  Mutalisk  
  62  11:00  Mutalisk x4  
  62  11:01  Mutalisk x2  
  74  11:14  Mutalisk x3  
  80  11:23  Ultralisk x4  
  104  11:31  Drone x2  
  104  11:39  Adaptive Talons  
  104  11:53  Zerg Ground Armor Level 2  
  104  11:56  Greater Spire  
  104  12:33  Ultralisk  
  104  12:35  Hatchery  
  104  12:36  Overlord x5  
  110  13:02  Ultralisk  
  110  13:03  Ultralisk  
  122  13:09  Ultralisk x3  
  140  13:15  Ultralisk x2  
  152  13:36  Seismic Spines  
  152  13:41  Zerg Flyer Weapons Level 1  
  152  13:56  Nydus Canal  
  152  14:09  Zerg Melee Weapons Level 3  
  152  14:11  Ultralisk  
  152  14:13  Overlord x3  
  152  14:14  Overlord x2  
  66  15:36  Zerg Flyer Armor Level 1  
    16:18  Ultralisk x5  
  24  16:19  Ultralisk x4  
  54  16:27  Ultralisk x3  
  72  17:18  Burrow  
  72  17:27  Drone x3  
  72  17:28  Drone x3  
  72  17:54  Spore Crawler x2  
  72  17:55  Spore Crawler x3  
  72  17:56  Spore Crawler x2  
  72  17:57  Spore Crawler  
  72  18:04  Spore Crawler  
  72  18:05  Spore Crawler  
  72  18:06  Spore Crawler  
  72  18:08  Spore Crawler  
  72  18:09  Spore Crawler  
  72  18:10  Spore Crawler  
  72  18:15  Drone x5  
  72  18:16  Drone  
  72  18:22  Drone x3  
  72  18:29  Drone  
  72  18:30  Drone x4  
  72  18:54  Drone  
  72  18:55  Drone x3  
  72  19:08  Hatchery  
  72  19:18  Hatchery  
  72  19:20  Hatchery  
  72  19:23  Drone x6  
  72  19:33  Drone x3  
  72  19:44  Ultralisk, Drone x2  
  72  19:45  Drone  
  72  19:56  Zerg Flyer Weapons Level 2  
  72  20:41  Drone x4  
  72  20:53  Drone x2  
  72  20:54  Drone x4  
  72  21:00  Drone x2  
  72  21:01  Drone x4  
  72  21:14  Hatchery  
  72  21:24  Spore Crawler x2  
  72  21:25  Spore Crawler  
  72  21:26  Spore Crawler  
  72  21:27  Spore Crawler x3  
  72  21:28  Spore Crawler  
  72  21:30  Spore Crawler x2  
  72  21:32  Spore Crawler  
  72  21:33  Spore Crawler  
  72  21:34  Spore Crawler  
  72  21:35  Spore Crawler  
  72  21:43  Spore Crawler  
  72  21:46  Spore Crawler  
  72  21:47  Spore Crawler  
  72  21:48  Spore Crawler  
  72  21:49  Spore Crawler  
  72  21:51  Spore Crawler  
  72  21:53  Spore Crawler  
  72  21:54  Spore Crawler x2  
  72  21:55  Spore Crawler x2  
  72  21:56  Spore Crawler x2  
  72  21:58  Spore Crawler  
  72  22:00  Spore Crawler  
  72  22:03  Spore Crawler  
  72  22:04  Spore Crawler x2  
  72  22:05  Spore Crawler  
  72  22:06  Spore Crawler  
  72  22:07  Spore Crawler  
  72  22:08  Spore Crawler  
  72  22:09  Spore Crawler  
  72  22:11  Spore Crawler  
  72  22:12  Zerg Flyer Armor Level 2  
  72  22:17  Ultralisk x3  
  90  22:27  Ultralisk x2  
  90  22:28  Ultralisk x4  
  126  22:35  Ultralisk  
  126  22:36  Ultralisk x3  
  150  22:47  Ultralisk x3  
  150  22:48  Ultralisk x2  
  180  22:57  Ultralisk x2  
  180  22:58  Ultralisk  
  198  23:14  Nydus Canal  
  198  23:29  Nydus Canal  
  198  24:07  Viper x3  
  207  24:16  Infestor x3  
  213  24:25  Overlord x5  
  213  24:26  Overlord  
  213  24:46  Ultralisk x33  
  213  25:56  Ultralisk  
  213  25:57  Ultralisk x2  
  231  26:03  Ultralisk x4  
  231  26:04  Ultralisk  
  261  26:33  Ultralisk x33, Overlord x2  
  261  26:34  Overlord x3  
  255  27:31  Ultralisk  
  255  27:40  Viper x2  
  255  27:41  Viper  
  264  27:48  Viper x6  
  282  28:00  Viper x2  
  282  28:01  Viper x4  
  245  29:13  Drone x3  
  243  29:19  Ultralisk x25  
  243  29:20  Ultralisk x6  
  243  29:28  Drone x2  
  243  29:29  Drone x2  
  111  31:27  Ultralisk x12  
  111  32:00  Drone x2  
  111  32:01  Drone  
Show
View Real Time Build Order
Export as new Build Order

erickmerida Terran 

Build Orders:  

Get SALT Encoding   

    0:08  Unknown  
    0:11  SCV  
    0:23  SCV  
    0:26  Supply Depot  
    0:33  Supply Depot  
    0:36  SCV  
    0:42  Supply Depot  
    0:48  SCV  
    0:50  Engineering Bay  
    0:58  Barracks  
    1:00  SCV  
    1:08  Engineering Bay  
    1:12  SCV  
    1:14  Supply Depot, Barracks  
    1:19  Supply Depot  
    1:23  Supply Depot  
    1:24  SCV  
    1:36  SCV  
    1:37  Missile Turret  
    1:48  SCV  
    1:57  Terran Infantry Weapons Level 1  
    2:00  SCV  
    2:01  Barracks Tech Lab  
    2:03  Barracks Reactor  
    2:05  Sensor Tower  
    2:12  SCV  
    2:18  Ghost Academy  
    2:23  Ghost Academy  
    2:30  Supply Depot  
    2:37  Supply Depot  
    2:42  Supply Depot  
    2:51  Sensor Tower  
    2:57  Combat Shield  
    3:04  SCV  
    3:14  Personal Cloaking  
    3:16  SCV  
    3:28  SCV  
    3:40  SCV  
    3:52  SCV, Terran Infantry Armor Level 1  
    4:08  Factory  
    4:13  Factory  
    4:15  Marine  
    4:16  Marine x2, Stimpack  
  3  4:33  Marine  
  3  4:34  Marine x2  
  6  4:47  Ghost Academy  
  6  4:51  Marine x2  
  6  4:52  Marine  
  9  4:58  Factory Tech Lab  
  9  4:59  Factory Reactor  
  9  5:09  Starport, Marine x3  
  12  5:22  Starport  
  12  5:27  Marine  
  12  5:28  Starport  
  13  5:34  Starport  
  13  5:35  Armory  
  13  5:36  Marine x2  
  15  5:45  Marine, Neosteel Armor  
  16  5:54  Marine x2  
  16  5:56  Concussive Shells  
  18  5:57  Barracks  
  18  6:00  Barracks  
  18  6:03  Marine  
  19  6:11  Marine  
  19  6:12  Marine  
  21  6:20  Starport Reactor  
  21  6:21  Marine  
  21  6:22  Starport Tech Lab  
  22  6:29  Marine  
  22  6:31  Starport  
  23  6:33  Starport  
  23  6:38  Factory  
  23  6:43  Cloaking Field  
  23  6:47  Infernal Pre-Igniter  
  23  7:22  Marine x2  
  23  7:23  Fusion Core, Marine x3  
  23  7:26  Hi-Sec Auto Tracking  
  28  7:40  Marine x3  
  28  7:41  Hyperflight Rotors, Marine x2  
  33  7:56  Starport  
  33  7:58  Marine x4  
  34  7:59  Marine  
  34  8:04  Starport  
  38  8:06  Hurricane Engines  
  38  8:16  Marine x5  
  43  8:29  Factory  
  43  8:34  Marine x3  
  46  8:41  Factory  
  46  8:55  Starport Tech Lab  
  46  8:57  Starport Tech Lab  
  46  8:58  Starport Tech Lab  
  46  9:00  Starport Tech Lab  
  46  9:02  Starport Tech Lab  
  46  9:09  Starport  
  46  9:12  Starport  
  46  9:25  Factory Tech Lab  
  46  9:27  Factory Tech Lab  
  46  9:33  Factory  
  46  9:41  Nuke  
  46  9:42  Interference Matrix  
  46  9:43  Nuke  
  46  9:45  Nuke, Drilling Claws  
  46  9:49  Terran Vehicle Weapons Level 1  
  46  9:55  Thor  
  52  10:00  Thor  
  58  10:07  Starport Tech Lab  
  58  10:15  Battlecruiser  
  58  10:16  Battlecruiser x3  
  82  10:23  Starport Tech Lab  
  82  10:25  Starport Tech Lab  
  82  10:34  Factory Tech Lab  
  82  10:47  Factory  
  82  10:59  Factory  
  82  11:04  Smart Servos  
  82  11:09  Supply Depot  
  82  11:12  Supply Depot  
  82  11:23  Orbital Command  
  82  11:25  Supply Depot  
  82  11:30  Thor, Battlecruiser  
  94  11:33  Command Center  
  94  11:34  Thor  
  100  11:43  Terran Vehicle And Ship Armor Level 1  
  100  11:47  Battlecruiser  
  106  11:52  Supply Depot  
  106  11:54  Supply Depot  
  106  11:57  Supply Depot  
  106  12:10  Factory Tech Lab  
  106  12:12  Factory Tech Lab  
  106  12:14  Battlecruiser x2  
  118  12:15  Thor  
  118  12:19  Thor  
  118  12:22  Supply Depot  
  130  12:24  Supply Depot  
  130  12:27  Supply Depot  
  130  12:43  Battlecruiser x2  
  142  12:44  Thor  
  142  12:45  Battlecruiser  
  142  12:46  Battlecruiser x2  
  142  12:49  Battlecruiser  
  172  13:26  Supply Depot  
  172  13:29  Supply Depot  
  172  13:37  Terran Ship Weapons Level 1  
  172  13:41  Supply Depot  
  172  13:45  Supply Depot  
  172  13:47  Thor  
  178  13:50  Thor  
  178  13:51  Battlecruiser  
  190  14:03  Battlecruiser  
  190  14:06  Orbital Command, Thor  
  202  14:31  Supply Depot  
  202  14:34  Supply Depot  
  202  14:40  Supply Depot  
  202  14:44  Supply Depot  
  202  14:52  Thor, Battlecruiser  
  214  14:55  Battlecruiser  
  220  15:02  Battlecruiser  
  220  15:06  Battlecruiser  
  238  15:09  Thor  
  238  15:10  Battlecruiser  
  238  15:11  Battlecruiser  
  238  15:13  Battlecruiser x2  
  234  15:24  Battlecruiser  
  150  15:56  Battlecruiser  
  150  16:00  Battlecruiser  
  156  16:06  Battlecruiser  
  156  16:10  Battlecruiser  
  168  16:15  Battlecruiser  
  168  16:16  Battlecruiser  
  168  16:18  Battlecruiser  
  186  16:28  Battlecruiser  
  192  17:01  Battlecruiser  
  198  17:04  Battlecruiser  
  204  17:10  Terran Vehicle Weapons Level 2  
  204  17:11  Fusion Core  
  204  17:14  Weapon Refit  
  204  17:25  Barracks Tech Lab  
  204  17:27  Barracks Tech Lab  
  204  17:32  Supply Depot  
  204  17:38  Supply Depot  
  204  17:45  Ghost  
  206  17:54  Battlecruiser  
  212  18:00  Battlecruiser  
  218  18:14  Ghost, Supply Depot  
  218  18:18  Supply Depot  
  220  18:36  Battlecruiser  
  220  18:40  Battlecruiser x2  
  238  18:46  Caduceus Reactor  
  238  18:54  Ghost  
  238  19:25  Terran Vehicle And Ship Armor Level 2  
  238  19:31  Factory  
  238  19:32  Factory  
  238  19:43  Supply Depot, Advanced Ballistics  
  238  20:03  Factory  
  238  20:04  Ghost  
  238  20:05  Battlecruiser  
  246  20:16  Sensor Tower  
  246  20:18  Supply Depot  
  246  20:28  Factory  
  246  20:39  Ghost, Battlecruiser  
  246  20:40  Factory  
  246  20:41  Factory Tech Lab  
  254  20:54  Factory Tech Lab  
  254  20:56  Factory Tech Lab  
  254  21:17  Supply Depot  
  254  21:32  Supply Depot  
  254  21:37  Factory Tech Lab x2  
  254  21:39  Battlecruiser  
  260  21:41  Terran Ship Weapons Level 2  
  260  21:44  Factory, Widow Mine  
  270  21:54  Widow Mine, Battlecruiser  
  270  21:59  Supply Depot  
  270  22:20  Widow Mine, Battlecruiser  
  278  22:38  Supply Depot  
  278  22:42  Supply Depot  
  278  23:00  Widow Mine, Battlecruiser  
  278  23:03  Supply Depot  
  278  23:04  Widow Mine, Battlecruiser  
  294  23:14  Supply Depot  
  294  23:17  Supply Depot  
  294  23:24  Battlecruiser  
  294  23:25  Widow Mine  
  302  23:35  Command Center  
  302  23:36  Widow Mine, Battlecruiser  
  302  23:39  Widow Mine, Battlecruiser  
  318  24:28  Widow Mine x3  
  318  24:30  Battlecruiser  
  318  24:31  Battlecruiser  
  240  24:43  Battlecruiser  
  174  24:49  Widow Mine x3  
  102  25:03  Widow Mine x2  
  106  25:10  Widow Mine x3  
  112  25:24  Widow Mine x2  
  108  25:32  Widow Mine x3  
  114  25:45  Widow Mine  
  114  25:46  Widow Mine  
  118  25:53  Widow Mine x3  
  124  26:07  Widow Mine x2  
  128  26:13  Widow Mine  
  128  26:15  Widow Mine x3  
  136  26:28  Widow Mine x2  
  140  26:34  Widow Mine  
  140  26:36  Widow Mine x3  
  148  26:40  Factory  
  148  26:50  Widow Mine x2  
  152  26:55  Widow Mine  
  152  26:57  Widow Mine x3  
  160  27:11  Widow Mine x2  
  164  27:17  Widow Mine  
  164  27:19  Widow Mine x3  
  172  27:32  Widow Mine x2  
  176  27:38  Widow Mine  
  176  27:42  Widow Mine x2  
  176  27:43  Widow Mine x2  
  186  27:54  Widow Mine x2  
  190  28:00  Widow Mine  
  190  28:03  Widow Mine  
  190  28:04  Widow Mine x3  
  200  28:15  Widow Mine x2  
  204  28:21  Widow Mine  
  204  28:25  Widow Mine x4  
  214  28:36  Widow Mine  
  214  28:37  Widow Mine  
  216  28:42  Widow Mine  
  216  28:46  Widow Mine x2  
  216  28:47  Widow Mine x2  
  226  29:03  Widow Mine  
  226  29:04  Widow Mine x2  
  226  29:08  Widow Mine x4  
  240  29:25  Widow Mine x3  
  240  29:29  Widow Mine x3  
  240  29:30  Widow Mine  
  254  29:46  Widow Mine x2  
  254  29:47  Widow Mine  
  254  29:50  Widow Mine  
  254  29:51  Widow Mine x3  
  192  30:08  Widow Mine x3  
  192  30:12  Widow Mine x4, Marine  
  192  30:13  Marine x4  
  211  30:29  Widow Mine x3  
  211  30:30  Marine x2  
  211  30:31  Marine x3  
  211  30:33  Widow Mine x2  
  211  30:34  Widow Mine x2  
  222  30:48  Marine x3  
  222  30:49  Marine x2  
  227  30:50  Thor  
  227  30:54  Thor  
  239  31:02  Thor  
  239  31:03  Thor  
  194  32:08  Command Center  
  152  33:35  SCV  
  152  33:43  Supply Depot  
  152  33:47  SCV  
  152  33:57  Supply Depot  
  152  33:59  SCV  
  152  34:11  SCV  
  152  34:23  SCV  
  152  34:31  Supply Depot  
  152  34:36  SCV  
  152  34:38  Supply Depot  
  152  34:40  Supply Depot  
  152  34:45  Supply Depot  
  152  34:48  Supply Depot  
  152  34:50  Supply Depot  
  152  34:55  Supply Depot  
  152  35:01  Supply Depot  
  152  35:03  Supply Depot  
  152  35:16  Supply Depot  
  152  35:17  Widow Mine x3  
  152  35:19  Supply Depot  
  158  35:22  Supply Depot  
  158  35:25  Thor  
  158  35:27  Supply Depot  
  170  35:29  Supply Depot  
  164  35:38  Widow Mine x3  
  166  36:00  Widow Mine x3  
  176  36:21  Widow Mine x3  
  182  36:43  Widow Mine  
Tags
 
Add a new tag
Caveats
  • Supply blocks, unpowered buildings, or Contaminate may cause inaccurate times.
  • Supply counts are checked every 10 seconds.